 Dungeon Crawl Stone Soup version 0.21.1-1-g345015f (webtiles) character file.

182 empire the Conjurer (level 5, -7/45 HPs)
             Began as a Draconian Conjurer on June 20, 2018.
             Mangled by an iguana (11 damage)
             ... on level 3 of the Dungeon.
             The game lasted 00:06:58 (2084 turns).

empire the Conjurer (Draconian Conjurer)            Turns: 2084, Time: 00:06:59

Health: -7/45      AC:  5    Str:  7 (10) XL:     5   Next: 35%
Magic:  17/17      EV: 17    Int: 14 (16) God:
Gold:   139        SH:  0    Dex: 16 (17) Spells: 2/8 levels left

rFire    . . .     SeeInvis .   a - +0 short sword
rCold    . . .     Gourm    .   (no shield)
rNeg     . . .     Faith    .   (armour unavailable)
rPois    .         Spirit   .   (helmet restricted)
rElec    .         Reflect  .   (no cloak)
rCorr    .         Harm     .   (no gloves)
MR       .....                  (no boots)
Stlth    +++.......             (no amulet)
HPRegen  0.15/turn              e - ring of magical power
MPRegen  0.15/turn              (no ring)

@: agile
A: unfitting armour, cold-blooded, AC +5
a: no special abilities


You were on level 3 of the Dungeon.
You were not hungry.

You visited 1 branch of the dungeon, and saw 3 of its levels.

You collected 139 gold pieces.

Inventory:

Hand Weapons
 a - a +0 short sword (weapon)
Jewellery
 e - a ring of magical power (left hand)
Scrolls
 g - 6 scrolls of teleportation {unknown}
 h - a scroll of identify
 k - 5 scrolls of remove curse {unknown}
 m - a scroll of enchant weapon
Books
 c - a book of Conjurations

   Spells                             Type                      Level
   a - Magic Dart                     Conjuration                  1
   b - Searing Ray                    Conjuration                  2
   c - Dazzling Spray                 Conjuration/Hexes            3
   d - Fulminant Prism                Conjuration/Hexes            4
   e - Force Lance                    Conjuration/Translocation    4
   f - Iskenderun's Mystic Blast      Conjuration                  4
Comestibles
 b - 6 rations
 d - 8 chunks of flesh


   Skills:
 - Level 3.0 Fighting
 - Level 3.3 Short Blades
 - Level 1.7 Dodging
 - Level 1.7 Stealth
 - Level 2.0 Spellcasting
 + Level 4.6 Conjurations


You had 2 spell levels left.
You knew the following spells:

 Your Spells              Type           Power        Failure   Level  Hunger
a - Magic Dart            Conj           ##..         3%          1    ##.....
b - Searing Ray           Conj           ##....       5%          2    ###....
c - Dazzling Spray        Conj/Hex       #.....       26%         3    ####...


Dungeon Overview and Level Annotations

Branches:
Dungeon (3/15)

Altars:
Makhleb
Nemelex Xobeh
Ru
Xom


Innate Abilities, Weirdness & Mutations

Your plain brown scales are hard. (AC +5)
You cannot fit into any form of body armour.
You are cold-blooded and may be slowed by cold attacks.


Message History

It was a potion of agility.
You feel agile all of a sudden. The iguana closely misses you.
It was a potion of degeneration.
There was something very wrong with that liquid.
You feel weakened.
You feel dopey.
You feel clumsy. The iguana barely misses you.
There is an open door here.
As you read the scroll labeled JOCUBB KESHOR, it crumbles to dust.
You feel aware of your surroundings.
It was a scroll of magic mapping.
The iguana barely misses you.
As you read the scroll labeled AFUGEGH XOFA, it crumbles to dust.
It is a scroll of identify.
m - a scroll of enchant weapon The iguana bites you.
* * * LOW HITPOINT WARNING * * *
As you read the scroll labeled BEESIH KADENEU, it crumbles to dust.
The creatures around you are filled with an inner flame!
It was a scroll of immolation.
The iguana bites you!
You die...

#.#####....#+## #.#
#.............####.#
#...............##.#####
#.............#.##......
#.........##..#.##..####
#.........##....##..#
#.#####'###.....##..# *,* #l#
#.....##..# # *,* #@#
#.........# # ####+## #.#
#.....#...# #
######.....####+####........#
# #................#
#####...## #
#................# #...# #
#................# #...# #
#................####
#...#####
##...................#
#........
.....................#
#...#####


You could see an iguana (inner flame).

Vanquished Creatures
  9 adders
  A worm (D:2)
  7 dart slugs
  3 leopard geckos
  2 orcs (D:3)
  A ball python (D:1)
  13 bats
  2 giant cockroaches (D:2)
  7 goblins
  6 hobgoblins
  7 jackals
  A quokka (D:2)
  6 frilled lizards
  8 kobolds
  6 rats
79 creatures vanquished.

Notes
Turn   | Place    | Note
-------+----------+-------------------------------------------
     0 | D:1      | empire the Draconian Conjurer began the quest for the Orb.
     0 | D:1      | Reached XP level 1. HP: 14/14 MP: 3/3
   124 | D:1      | Reached skill level 1 in Fighting
   147 | D:1      | Reached XP level 2. HP: 16/24 MP: 0/5
   344 | D:1      | Reached XP level 3. HP: 31/31 MP: 6/6
   363 | D:1      | Learned a level 2 spell: Searing Ray
   367 | D:1      | Learned a level 3 spell: Dazzling Spray
   683 | D:2      | Reached skill level 1 in Short Blades
   787 | D:2      | Found a sparkling altar of Nemelex Xobeh.
   916 | D:2      | Reached XP level 4. HP: 38/38 MP: 7/7
  1042 | D:2      | Found a sacrificial altar of Ru.
  1106 | D:2      | Found a burning altar of Makhleb.
  1107 | D:2      | Found a shimmering altar of Xom.
  1664 | D:3      | Reached XP level 5. HP: 40/45 MP: 6/8
  2084 | D:3      | Mangled by an iguana

Skill      XL: |  1  2  3  4 |
---------------+-------------+-----
Fighting       | 1 3 |  3.0
Short Blades   | 2 3 |  3.3
Dodging        | |  1.7
Stealth        | |  1.7
Spellcasting   | |  2.0
Conjurations   | |  4.6

Action                   |  1- 3 |  4- 6 || total
-------------------------+-------+-------++-------
Melee: Short sword       |    86 |    97 ||   183
       Unarmed           |     3 |       ||     3
       Tailslap          |     9 |     7 ||    16
 Cast: Magic Dart        |    44 |    58 ||   102
  Use: Scroll            |       |     3 ||     3
       Potion            |       |     3 ||     3
 Stab: Sleeping          |     1 |       ||     1
       Paralysed         |       |     1 ||     1
  Eat: Chunk             |     1 |     5 ||     6
Armor: Skin              |    44 |    44 ||    88
Dodge: Dodged            |   115 |    98 ||   213
